 Dungeon Crawl Stone Soup version 0.30.1 (webtiles) character file.

Game seed: 3814136565247715413

17250 Nicoed the Severer (level 12, 0/150 HPs)
             Began as a Minotaur Fighter on July 11, 2023.
             Was an Elder of Okawaru.
             Killed by divine providence
             ... invoked by Saint Roka
              (14 damage)
             ... on level 2 of the Orcish Mines.
             The game lasted 00:21:53 (10437 turns).

Nicoed the Severer (Minotaur Fighter)              Turns: 10437, Time: 00:21:53

Health: 0/150      AC: 26    Str: 29    XL:     12   Next: 17%
Magic:  14/14      EV:  2    Int:  5    God:    Okawaru [****..]
Gold:   1564       SH:  0    Dex: 10    Spells: 11/11 levels left

rFire   . . .        f - +4 war axe "Magenl Qigi" {venom, rC+ Will+}
rCold   + . .        c - +0 buckler
rNeg    . . .        y - melded +0 plate armour
rPois   +            G - melded +2 hat of Jinyn {rC+ Str+3}
rElec   +            x - melded +0 cloak
rCorr   +            (gloves currently unavailable)
SInv    .            H - melded +1 pair of boots
Will    +....        (no amulet) Stlth
                     B - ring of Ikhuuts {Wiz rElec rCorr Str+3 Stlth-}
HPRegen 0.45/turn    m - +5 ring of evasion
MPRegen 0.14/turn

%: wizardry (x1)
@: confused, tree-form, ambrosia-drunk, studying Short Blades
A: stationary, stasis, torment immunity, boosted hp, (horns 2), (retaliatory
headbutt)
a: Renounce Religion, Heroism, Finesse


You were on level 2 of the Orcish Mines.
You worshipped Okawaru.
Okawaru was greatly pleased with you.
You were a tree.
You visited 3 branches of the dungeon, and saw 14 of its levels.

You collected 1639 gold pieces.
You spent 75 gold pieces at shops.

Inventory:

Hand Weapons
 f - the +4 war axe "Magenl Qigi" (weapon) {venom, rC+ Will+}
   (You acquired it on level 6 of the Dungeon)

   rC:        It protects you from cold.
   Will:      It increases your willpower.
 z - a +0 broad axe of venom
 K - the +4 trident "Nel Hey" {drain, Fragile rF+++ rC+ Will-}
   (You found it on level 11 of the Dungeon)

   rF:        It renders you almost immune to fire.
   rC:        It protects you from cold.
   Fragile:   It will be destroyed if unequipped.
   Will:      It decreases your willpower.
Missiles
 n - 7 curare-tipped darts (quivered)
Armour
 c - a +0 buckler (worn)
 x - a +0 cloak (melded)
 y - a +0 plate armour (melded)
 G - the +2 hat of Jinyn (melded) {rC+ Str+3}
   (You acquired it on level 10 of the Dungeon)

   Str:       It affects your strength (+3).
   rC:        It protects you from cold.
 H - a +1 pair of boots (melded)
Jewellery
 m - a +5 ring of evasion (right branch)
 B - the ring of Ikhuuts (left branch) {Wiz rElec rCorr Str+3 Stlth-}
   (You acquired it on level 6 of the Dungeon)

   [ring of wizardry]

   It improves your spell success rate.
   Str:       It affects your strength (+3).
   rElec:     It insulates you from electricity.
   rCorr:     It protects you from acid and corrosion.
   Stlth:     It makes you less stealthy.
Wands
 w - a wand of flame (67)
 D - a wand of charming (6)
 I - a wand of iceblast (3)
Scrolls
 b - 3 scrolls of magic mapping {unknown}
 e - 5 scrolls of poison
 g - a scroll of vulnerability {unknown}
 j - a scroll of noise
 l - 2 scrolls of teleportation {unknown}
 o - a scroll of blinking {unknown}
 r - 3 scrolls of fear {unknown}
 u - a scroll of butterflies {unknown}
 v - 2 scrolls of enchant weapon
 A - a scroll of torment {unknown}
 C - a scroll of immolation
 J - 3 scrolls of brand weapon {unknown}
Potions
 a - a potion of magic
 d - 2 potions of might
 h - a potion of cancellation
 k - 4 potions of curing
 p - 4 potions of resistance
 q - 2 potions of haste
 s - a potion of mutation {unknown}
 t - 2 potions of attraction
 F - 3 potions of brilliance {unknown}
Miscellaneous
 E - a phial of floods


   Skills:
 + Level 7.5 Fighting
 + Level 19.6 Axes
 + Level 7.5 Armour
 + Level 7.5 Shields
 + Level 5.1 Invocations


You had 11 spell levels left.
You didn't know any spells.
Your spell library contained the following spells:

 Spells                   Type           Power      Damage    Failure   Level
 Freeze                   Ice            0%         1d3       24%         1
 Sandblast                Erth           0%         2d4       24%         1
 Lesser Beckoning         Tloc           0%         N/A       32%         2
 Gell's Gravitas          Tloc           0%         N/A       54%         3
 Hailstorm                Conj/Ice       0%         3d3       54%         3
 Teleport Other           Tloc           0%         N/A       54%         3
 Vhi's Electric Charge    Tloc/Air       0%         N/A       54%         3
 Ice Form                 Ice/Tmut       0%         N/A       90%         4
 Arcjolt                  Conj/Air       0%         1d10      99%         5
 Iskenderun's Battlesphe  Conj           0%         2d6       99%         5
 Iron Shot                Conj/Erth      0%         9d1       100%        6
 Plasma Beam              Fire/Air       0%         2x1d11    100%        6
 Orb of Destruction       Conj           0%         9d5       100%        7
 Summon Guardian Golem    Hex/Summ       Unusable   N/A       N/A         3
 Simulacrum               Ice/Necr       Unusable   N/A       N/A         6
 Spellforged Servitor     Conj/Summ      Unusable   N/A       N/A         7

Dungeon Overview and Level Annotations

Branches:
Dungeon (11/15)            Temple (1/1) D:6            Lair (0/5) D:11
    Orc (2/2) D:9
    Elf: Orc:2

Altars:
Ashenzari
Cheibriados
Dithmenos
Elyvilon
Fedhas
Gozag
Hepliaklqana
Kikubaaqudgha
Makhleb
Nemelex Xobeh
Okawaru
Qazlal
Ru
Sif Muna
Trog
Uskayaw
Vehumet
Wu Jian
Xom
Yredelemnul
Zin
The Shining One

Shops:
D:9 (!!(   Orc:1 [

Annotations:
D:9 4 transporters
Orc:2 Saint Roka


Innate Abilities, Weirdness & Mutations

You are a tree.
Your roots penetrate the ground, keeping you stationary.
You cannot be teleported.
You are immune to unholy pain and torment.
Your maximum health is greatly increased.
Your equipment is partially melded.
((You have a pair of horns on your head.))
((You reflexively headbutt those who attack you in melee.))


Message History

Saint Roka is moderately wounded.
You hit the orc wizard.
The orc wizard looks as sick as possible!
Saint Roka is no longer moving slowly.
The orc wizard closely misses you.
Saint Roka mumbles some strange prayers to Beogh against you.
Beogh smites you!
* * * LOW HITPOINT WARNING * * *
You slash Saint Roka!
Saint Roka looks as sick as possible!
You headbutt Saint Roka, but do no damage.
Saint Roka is moderately wounded.
You hit the orc wizard.
You kill the orc wizard!
Okawaru accepts your kill.
Saint Roka invokes the aid of Beogh against you.
Beogh smites you!
* * * LOW HITPOINT WARNING * * *
Unknown command.
Unknown command.
Really quaff the potion of lignification?
You turn into a tree.
Your +0 cloak melds into your body.
The +2 hat of Jinyn {rC+ Str+3} melds into your body.
Your +1 pair of boots melds into your body.
Your +0 plate armour melds into your body.
Your roots penetrate the ground.
Saint Roka invokes the aid of Beogh against you.
Beogh smites you!
* * * LOW HITPOINT WARNING * * *
Unknown command.
You are confused.
You feel invigorated. Saint Roka hits you but does no damage.
Unknown command.
Okay, then.
You cannot move. (Use ctrl+direction or * direction to attack while stationary and confused.) Unknown command.
You hit Saint Roka.
Saint Roka looks as sick as possible!
Saint Roka is moderately wounded.
You hit Saint Roka but do no damage.
Saint Roka looks as sick as possible!
Saint Roka invokes the aid of Beogh against you.
Beogh smites you!
You die...

##. #.. ### ## .
##.. #.#... .. ...
...#.### ...##..
....... . #......
#....# .#
...#...##....##.###
#.....[<#.........##
#.....)♣†..........#
.......o#.#.......#
.......(..........##
............#......#
............).......
....................
.#.................#
...................
.....o............


You could see Saint Roka (extremely poisoned).

Vanquished Creatures
  Fannar (D:11)
  Erolcha (D:9)
  A hydra (D:10)
  2 boulder beetles
  Erica (Orc:1)
  A two-headed ogre (D:9)
  Lodul (D:11)
  Pikel (D:5)
  A harpy (shapeshifter) (D:11)
  An unseen horror (D:10)
  A komodo dragon (D:11)
  A queen bee (D:11)
  6 trolls
  Grinder (D:5)
  A vampire (D:10)
  14 yaks
  3 wargs
  Menkaure (D:7)
  An acid dragon (D:11)
  2 water moccasins (D:6)
  4 ice beasts
  2 sky beasts (D:7)
  7 orc warriors
  2 black bears
  11 ogres
  2 wolves (D:11)
  6 centaurs
  A phantom (D:6)
  2 kobold brigands
  3 bullfrogs
  3 scorpions
  9 wights
  35 killer bees
  3 electric eels (D:11)
  A howler monkey (D:10)
  7 hounds
  4 orc priests
  Crazy Yiuf (D:5)
  5 iguanas
  12 orc wizards
  4 gnolls (D:4)
  5 adders
  4 white imps
  An ufetubus (D:6)
  2 worms
  3 dart slugs
  19 orcs
  2 ball pythons
  7 endoplasms
  2 giant cockroaches
  5 goblins
  5 hobgoblins
  15 jackals
  15 kobolds
  3 quokkas
  2 bats
  2 frilled lizards
  2 rats
260 creatures vanquished.

Notes
Turn   | Place    | Note
-------+----------+-------------------------------------------
     0 | D:1      | Nicoed the Minotaur Fighter began the quest for the Orb.
     0 | D:1      | Reached XP level 1. HP: 19/19 MP: 0/0
   243 | D:1      | Reached XP level 2. HP: 26/27 MP: 1/1
   592 | D:2      | You fall into a shaft and drop 2 floors!
   635 | D:3      | Reached skill level 3 in Axes
   653 | D:3      | Found the +8 Vampire's Tooth {megavamp}
   659 | D:3      | Found a glowing silver altar of Zin.
   665 | D:3      | Reached XP level 3. HP: 33/33 MP: 2/2
  1185 | D:2      | Found a glowing golden altar of the Shining One.
  1190 | D:2      | Reached skill level 4 in Axes
  1581 | D:3      | Found a faded altar of an unknown god.
  1820 | D:3      | Found a basalt altar of Yredelemnul.
  2072 | D:3      | Reached XP level 4. HP: 40/40 MP: 3/3
  2438 | D:4      | Reached skill level 5 in Axes
  2606 | D:4      | Reached XP level 5. HP: 46/46 MP: 4/4
  2715 | D:4      | Reached skill level 6 in Axes
  2775 | D:5      | Entered Level 5 of the Dungeon
  2789 | D:5      | Found a shimmering altar of Xom.
  2859 | D:5      | Noticed Grinder
  2864 | D:5      | Paralysed by Grinder for 2 turns
  2883 | D:5      | HP: 2/46 [Grinder/puff of flame (6)]
  2884 | D:5      | Paralysed by Grinder for 2 turns
  2886 | D:5      | Killed Grinder
  2887 | D:5      | Reached skill level 7 in Axes
  2887 | D:5      | Reached XP level 6. HP: 9/52 MP: 5/5
  3144 | D:5      | Noticed an ice beast
  3150 | D:5      | Killed an ice beast
  3151 | D:5      | Reached skill level 8 in Axes
  3185 | D:5      | Noticed Pikel
  3196 | D:5      | Killed Pikel
  3197 | D:5      | Reached skill level 10 in Axes
  3197 | D:5      | Reached XP level 7. HP: 37/59 MP: 6/6
  3304 | D:5      | Found a bloodstained altar of Trog.
  3315 | D:5      | Reached skill level 11 in Axes
  3315 | D:5      | Reached XP level 8. HP: 66/66 MP: 7/7
  3345 | D:5      | Found a shimmering blue altar of Sif Muna.
  3349 | D:5      | Got Sif Muna's Precepts of Solid Graupel
  3366 | D:5      | Found a sacrificial altar of Ru.
  3564 | D:5      | Reached skill level 12 in Axes
  3599 | D:5      | Found a runed translucent door.
  3600 | D:5      | Noticed Crazy Yiuf
  3718 | D:5      | Found an ornate altar of the Wu Jian Council.
  4014 | D:5      | Found a sparkling altar of Nemelex Xobeh.
  4153 | D:5      | Killed Crazy Yiuf
  4451 | D:6      | Found a hide-covered altar of Uskayaw.
  4464 | D:6      | Reached skill level 13 in Axes
  4492 | D:6      | Reached XP level 9. HP: 57/71 MP: 8/8
  4752 | D:6      | Reached skill level 14 in Axes
  4828 | D:6      | Identified 2 scrolls of acquirement
  4828 | D:6      | Acquired the ring of Ikhuuts {Wiz rElec rCorr Str+3 Stlth-}
  4833 | D:6      | Acquired the +4 war axe "Magenl Qigi" {venom, rC+ Will+}
  4999 | D:6      | Found a staircase to the Ecumenical Temple.
  5236 | Temple   | Entered the Ecumenical Temple
  5632 | D:7      | Noticed Menkaure
  5643 | D:7      | Killed Menkaure
  5859 | D:7      | Reached skill level 15 in Axes
  6176 | D:8      | Reached skill level 16 in Axes
  6356 | D:8      | Reached XP level 10. HP: 57/78 MP: 9/9
  6369 | D:8      | Reached skill level 17 in Axes
  6520 | D:8      | Found an ancient bone altar of Kikubaaqudgha.
  6867 | D:9      | Found Kailou Leem's Antique Weapon Boutique.
  6872 | D:9      | Found a staircase to the Orcish Mines.
  6883 | D:9      | Noticed a two-headed ogre
  6896 | D:9      | Killed a two-headed ogre
  6897 | D:9      | Reached skill level 18 in Axes
  6927 | D:9      | Found Inkiddaj's Distillery.
  6932 | D:9      | Bought a potion of heal wounds for 75 gold pieces
  6954 | D:9      | Noticed Erolcha
  6966 | D:9      | Killed Erolcha
  7388 | D:9      | Found a transporter.
  7498 | D:9      | Found a transporter.
  7500 | D:9      | Found a transporter.
  7546 | D:9      | Found Sikkeoc's Weapon Shop.
  7647 | D:9      | Found a transporter.
  7733 | D:9      | Found Tettyera's Distillery.
  7757 | D:10     | Entered Level 10 of the Dungeon
  7769 | D:10     | Found a burning altar of Makhleb.
  7776 | D:10     | Found an iron altar of Okawaru.
  7784 | D:10     | Became a worshipper of Warmaster Okawaru
  7794 | D:10     | Acquired the +2 hat of Jinyn {rC+ Str+3}
  8166 | D:10     | Noticed a boulder beetle
  8182 | D:10     | Killed a boulder beetle
  8182 | D:10     | Reached * piety under Okawaru
  8183 | D:10     | Reached skill level 1 in Invocations
  8198 | D:10     | HP: 2/80 [yak (13)]
  8202 | D:10     | Reached XP level 11. HP: 20/85 MP: 11/11
  8294 | D:10     | Noticed an eight-headed hydra
  8306 | D:10     | Killed an 11-headed hydra
  8307 | D:10     | Reached skill level 19 in Axes
  8393 | D:10     | Reached skill level 5 in Fighting
  8393 | D:10     | Reached skill level 5 in Shields
  8478 | D:10     | Found a broken altar of Ashenzari.
  8525 | D:10     | Reached skill level 5 in Armour
  8690 | D:10     | Found a faded altar of an unknown god.
  8690 | D:10     | Found a hazy altar of Hepliaklqana.
  8698 | D:10     | Found a shadowy altar of Dithmenos.
  8700 | D:10     | Found a radiant altar of Vehumet.
  8702 | D:10     | Found a faded altar of an unknown god.
  8924 | D:11     | Identified the +4 trident "Nel Hey" {drain, Fragile rF+++
                  | rC+ Will-}
  8959 | D:11     | Found a staircase to the Lair.
  8977 | D:11     | Reached ** piety under Okawaru
  9390 | D:11     | Noticed Fannar
  9405 | D:11     | Noticed Lodul
  9406 | D:11     | Killed Fannar
  9423 | D:11     | Killed Lodul
  9423 | D:11     | Reached *** piety under Okawaru
  9459 | D:11     | Noticed a boulder beetle
  9469 | D:11     | Noticed a harpy
  9478 | D:11     | Killed a harpy
  9478 | D:11     | Killed a boulder beetle
  9478 | D:11     | Reached **** piety under Okawaru
  9916 | Orc:1    | Entered Level 1 of the Orcish Mines
  9953 | Orc:1    | Noticed Erica
  9963 | Orc:1    | Killed Erica
  9964 | Orc:1    | Reached XP level 12. HP: 93/100 MP: 14/14
 10070 | Orc:1    | Found a burning altar of Makhleb.
 10165 | Orc:1    | Found Suuqet's Armour Boutique.
 10307 | Orc:2    | Entered Level 2 of the Orcish Mines
 10338 | Orc:2    | Noticed Saint Roka
 10352 | Orc:2    | Reached skill level 5 in Invocations
 10434 | Orc:2    | HP: 3/150 [Saint Roka/divine providence (16)]
 10437 | Orc:2    | Killed from afar by Saint Roka

Illustrated notes

Levels and vault maps discovered:
D:1:      elethiomel_arrival_infinity_welcomes_careful_drivers, layout_rooms,
          minmay_tetromino_s4
D:2:      layout_basic, basic_altar
D:3:      layout_basic, mainiacjoe_overflow_brackets,
          nicolae_overflow_ecumenical_swirl, minmay_misc_feat_four_crosses,
          corexii_item_surrounded_by_moat
D:4:      layout_rooms, chequers_serial_rivers_small_3
D:5:      layout_gridville, nzn_overflow_gifts_of_might_and_magic,
          mainiacjoe_overflow_six_doors_small,
          nemelex_xobeh_ov_fountains_minmay, nzn_wu_jian_council_hall,
          mainiacjoe_overflow_concentric_impassable, uniq_crazy_yiuf_cottage,
          uniq_grinder, uniq_pikel
D:6:      black_bear_nest_2, layout_basic, mainiacjoe_overflow_small_starburst,
          minmay_temple_entry_fiery, minmay_manual_mares
D:7:      layout_basic, minivault_14, kennysheep_generic_room_16, uniq_menkaure
D:8:      layout_rooms, pf_just_have_faith
D:9:      layout_basic, orc_0_dummy, serial_shops, nicolae_shop_waterfront,
          nicolae_shop_behind_doors, shop, nicolae_shop_bloodbath_and_beyond,
          nicolae_transporter_circle, uniq_erolcha
D:10:     layout_basic, chequers_temple_overflow_minitemple,
          mainiacjoe_overflow_large_starburst, cheibrodos_ashenzari_chains,
          minmay_bent
D:11:     layout_basic, erik_lair_island, special_room [special_room_bee],
          lemuel_old_faithful, uniq_fannar, uniq_lodul
Temple:   nicolae_temple_stand_before_the_council
Orc:1:    layout_diamond_mine, serial_shops, nicolae_shop_pleasant_corner_grove,
          bloody_makhleb, uniq_erica
Orc:2:    st_orc_elflike, layout_caves, uniq_saint_roka

Skill      XL: |  1  2  3  4  5  6  7  8  9 10 11 12 |
---------------+-------------------------------------+-----
Fighting       | 4 7 |  7.5
Armour         | 4 7 |  7.5
Axes           | 3 4 5 7 10 11 13 16 18 19 | 19.6
Shields        | 4 7 |  7.5
Invocations    | 1 4 5 |  5.1

Action                     |  1- 3 |  4- 6 |  7- 9 | 10-12 || total
---------------------------+-------+-------+-------+-------++-------
  Melee: War axe           |    67 |    64 |   172 |   323 ||   626
         Headbutt          |     6 |    10 |    41 |    42 ||    99
  Throw: Dart              |       |       |       |     5 ||     5
 Invoke: Heroism           |       |       |       |     3 ||     3
  Evoke: Wand              |       |       |       |    14 ||    14
         Phial of floods   |       |       |       |     1 ||     1
    Use: Scroll            |       |     6 |     5 |     3 ||    14
         Potion            |       |     4 |       |    16 ||    20
 Armour: Scale mail        |    26 |    16 |     2 |       ||    44
         Plate armour      |       |       |    40 |   160 ||   200
         Skin              |       |       |     1 |     1 ||     2
  Dodge: Dodged            |    44 |    49 |    84 |   194 ||   371
  Block: Buckler           |    11 |    22 |    31 |    67 ||   131
